 Dungeon Crawl Stone Soup version 0.28-a0-932-g843f935a50 (webtiles) character file.

Game seed: 5219341523373846740

0 Gargoyl the Skirmisher (level 1, 0/18 HPs)
             Began as a Gnoll Abyssal Knight on Nov 27, 2021.
             Was a Follower of Lugonu.
             Slain by a thrashing horror (10 damage)
             ... on level 1 of the Abyss.
             The game lasted 00:00:12 (72 turns).

Gargoyl the Skirmisher (Gnoll Abyssal Knight)         Turns: 72, Time: 00:00:13

Health: 0/18       AC:  3    Str: 12    XL:     1   Next: 0%
Magic:  3/3        EV: 11    Int:  9    God:    Lugonu [*.....]
Gold:   0          SH:  0    Dex:  8    Spells: 0/0 levels left

rFire   . . .      SeeInvis .   a - +1 hand axe
rCold   . . .      Faith    .   (no shield)
rNeg    . . .      Spirit   .   b - +0 leather armour
rPois   .          Reflect  .   (no helmet)
rElec   .          Harm     .   (no cloak)
rCorr   .          Rampage  .   (no gloves)
Will    .....                   (no boots)
Stlth   +.........              (no amulet)
HPRegen 0.06/turn               (no ring)
MPRegen 0.08/turn               (no ring)

@: no status effects
A: fangs 1, strong nose, distributed training, [clumsy 2], [frail 2]
a: Renounce Religion, Depart the Abyss


You were on level 1 of the Abyss.
You worshipped Lugonu.
Lugonu was aware of your devotion.
You visited 0 branches of the dungeon, and saw 0 of its levels.
You visited the Abyss 1 time.

Inventory:

Hand Weapons
 a - a +1 hand axe (weapon)
Armour
 b - a +0 leather armour (worn)


   Skills:
 + Level 6.4 Fighting
 + Level 0.0 Short Blades
 + Level 0.0 Long Blades
 + Level 4.4 Axes
 + Level 0.0 Maces & Flails
 + Level 0.0 Polearms
 + Level 0.0 Staves
 + Level 0.0 Slings
 + Level 0.0 Bows
 + Level 0.0 Crossbows
 + Level 0.0 Throwing
 + Level 4.4 Armour
 + Level 2.3 Dodging
 + Level 0.0 Stealth
 + Level 0.0 Shields
 + Level 0.0 Unarmed Combat
 + Level 0.0 Spellcasting
 + Level 0.0 Conjurations
 + Level 0.0 Hexes
 + Level 0.0 Summonings
 + Level 0.0 Necromancy
 + Level 0.0 Translocations
 + Level 0.0 Transmutations
 + Level 0.0 Fire Magic
 + Level 0.0 Ice Magic
 + Level 0.0 Air Magic
 + Level 0.0 Earth Magic
 + Level 0.0 Poison Magic
 + Level 4.4 Invocations
 + Level 0.0 Evocations


You couldn't memorise any spells.
You didn't know any spells.
Your spell library was empty.

Dungeon Overview and Level Annotations

Branches:
Dungeon (0/15)

Altars:


Innate Abilities, Weirdness & Mutations

You have very sharp teeth.
Your uncanny sense of smell can sniff out nearby items.
Your experience applies equally to all skills.
[You are very clumsy. (Dex -4)]
[You are very frail. (-20% HP)]


Message History

A shadow imp comes into view.
A small abomination comes into view.
The shadow imp shouts!
Found 22 stones.
A tentacled starspawn comes into view.
Tentacles burst from the starspawn's body! 2 starspawn tentacles come into view.
The starspawn tentacle grabs you. The starspawn tentacle constricts you.
You escape the starspawn tentacle's grasp.
A wight comes into view. It is wielding a +0 flail.
The starspawn tentacle closely misses you.
Found a scroll labelled KORAOPNYROU.
The shadow imp hits you.
The starspawn tentacle closely misses you.
The starspawn tentacle grabs you. The starspawn tentacle constricts you.
The shadow imp hits you.
You escape the starspawn tentacle's grasp.
A wretched star comes into view.
The starspawn tentacle misses you. The starspawn tentacle grabs you.
The starspawn tentacle constricts you.
The wretched star pulses with an eldritch light!
You feel clumsy. x2
The starspawn tentacle's grasp on you weakens, but your attempt to escape fails.
The starspawn tentacle constricts you.
A thrashing horror comes into view.
Unknown command.
You escape the starspawn tentacle's grasp.
The thrashing horror roars!
The starspawn tentacle closely misses you.
Unknown command.
Found a scroll labelled CIZYUM BAGGI.
The wretched star pulses with an eldritch light!
You feel frail. x2
The thrashing horror completely misses you.
The thrashing horror tramples you.
You stumble backwards!
The shadow imp grins evilly.
The starspawn tentacle closely misses you.
A tentacle flies out from the starspawn's body!
The thrashing horror tramples you!
Ouch! That really hurt!
You die...

..#. ...#.....#.....#....
. ##. . ##...###...###...
.#.....#.....#.5wz.#....
... ............X*.......
. .............│x........
..............│.........
..#.....#.....#.w...#....
.###...###...###X..###...
. # . .. .....#.@...# ...
. .. ...................
.. . ... ...............
. ......................
..#. ...#.....#....?#....
.###... ##...###...###...
.#.. ..#.....#..... ..
........... . ...... ..
.. .. .....


You could see a tentacled starspawn, a wretched star, a thrashing horror, a
small abomination, 2 starspawn tentacles, a wight and a shadow imp.

Vanquished Creatures (others)
  A starspawn tentacle (Abyss:1)
1 creature vanquished.

Notes
Turn   | Place    | Note
-------+----------+-------------------------------------------
     0 | Abyss:1  | Gargoyl the Gnoll Abyssal Knight began the quest for the
                  | Orb.
     0 | Abyss:1  | Reached XP level 1. HP: 23/23 MP: 3/3
    43 | Abyss:1  | Noticed a smoke demon
    54 | Abyss:1  | Noticed a small abomination
    58 | Abyss:1  | Noticed a tentacled starspawn
    60 | Abyss:1  | Noticed a wight
    63 | Abyss:1  | Noticed a wretched star
    67 | Abyss:1  | Noticed a thrashing horror
    72 | Abyss:1  | Slain by a thrashing horror

Illustrated notes

Levels and vault maps discovered:
Abyss:1:  base: Temple, base:
Temple

Action                   || total
-------------------------++-------
Dodge: Dodged            ||     6

Table legend: (Time is in decaauts)
 A = Elapsed time spent in this place.
 B = Non-inter-level travel time spent in this place.
 C = Inter-level travel time spent in this place.
 D = Time resting spent in this place.
 E = Time spent auto-exploring this place.
 F = Levels seen in this place.
 G = Mean time per level.
                   A        B        C        D        E       F      G
               +--------+--------+--------+--------+--------+-----+--------+
         Total |     72 |     72 |      0 |      0 |     41 |   1 |   72.0 |
         Abyss |     72 |     72 |      0 |      0 |     41 |   1 |   72.0 |
               +--------+--------+--------+--------+--------+-----+--------+

Top non-repeatable levels by time:
 Abyss:1: 72 daAuts
